 Dungeon Crawl Stone Soup version 0.31.0-32-g396128a36d (webtiles) character file.

Game seed: 623960733078892702

13178 PaiMei the Black Sun (level 11, -1/71 (75) HPs)
             Began as a Demonspawn Necromancer on Mar 27, 2024.
             Was a High Priest of Kikubaaqudgha.
             Slain by a hell rat (5 damage)
             ... on level 1 of the Lair of Beasts.
             The game lasted 00:20:30 (14791 turns).

PaiMei the Black Sun (Demonspawn Necromancer)      Turns: 14791, Time: 00:20:31

HP:   -1/71 (75)    AC:  9    Str:  8    XL:     11   Next: 72%
MP:   24/24         EV: 17    Int: 20    God:    Kikubaaqudgha [*****.]
Gold: 677           SH:  5    Dex: 14    Spells: 6/28 levels left

rFire   . . .        j - +2 dagger (venom)
rCold   . . .        (no shield)
rNeg    . . .        f - +3 leather armour
rPois   .            (helmet restricted)
rElec   .            P - +0 cloak
rCorr   .            h - +0 pair of gloves
SInv    .            y - +0 pair of boots
Will    .....        m - amulet of reflection
Stlth   ++++         (no ring)
HPRegen 0.31/turn    (no ring)
MPRegen 0.19/turn

%: reflection
@: drained
A: horns 2, repulsion field 1, demonic guardian 2, spiny 2
a: Renounce Religion, Unearth Wretches, Torment


You were on level 1 of the Lair of Beasts.
You worshipped Kikubaaqudgha.
Kikubaaqudgha was extremely pleased with you.
You visited 2 branches of the dungeon, and saw 12 of its levels.
You also visited: Sewer and Volcano.

You collected 884 gold pieces.
You spent 207 gold pieces at shops.

Inventory:

Hand Weapons
 j - a +2 dagger of venom (weapon)
 k - a +2 dagger of speed
 t - a +3 flail
 F - a +1 whip of electrocution
 W - a +5 spear of pain
 X - a +2 trident of flaming
Missiles
 w - a throwing net
 x - 31 poisoned darts (quivered)
 R - 2 curare-tipped darts
Armour
 f - a +3 leather armour (worn)
 h - a +0 pair of gloves (worn)
 n - a +0 troll leather armour {Pargi}
 y - a +0 pair of boots (worn)
 P - a +0 cloak (worn)
Jewellery
 m - an amulet of reflection (around neck)
 r - a ring of fire
 C - an amulet of magic regeneration
 L - an amulet of regeneration
 U - a ring of ice
 Z - a ring of see invisible
Wands
 z - a wand of polymorph (7)
 K - a wand of mindburst (2)
 O - a wand of flame (4)
 S - a wand of digging (1)
 Y - a wand of iceblast (4)
Scrolls
 e - 8 scrolls of teleportation {unknown}
 g - 5 scrolls of noise {unknown}
 i - 2 scrolls of blinking {unknown}
 l - 6 scrolls of immolation {unknown}
 q - 8 scrolls of identify {unknown}
 s - a scroll of butterflies {unknown}
 v - 5 scrolls of revelation {unknown}
 A - 4 scrolls of enchant armour {unknown}
 B - a scroll of enchant weapon {unknown}
 D - 2 scrolls of vulnerability {unknown}
 G - 5 scrolls of poison {unknown}
 H - 3 scrolls of amnesia {unknown}
 J - 4 scrolls of fear {unknown}
 N - a scroll of brand weapon {unknown}
 Q - a scroll of acquirement {unknown}
Potions
 a - 3 potions of heal wounds {unknown}
 b - 4 potions of magic
 c - 4 potions of lignification {unknown}
 d - 4 potions of attraction {unknown}
 o - a potion of berserk rage
 p - 2 potions of might {unknown}
 u - 3 potions of curing {unknown}
 E - 2 potions of brilliance {unknown}
 I - 2 potions of resistance {unknown}
 M - 2 potions of haste {unknown}
 T - a potion of enlightenment {unknown}
 V - a potion of degeneration {unknown}


   Skills:
 + Level 3.1 Fighting
 + Level 9.0 Dodging
 - Level 9.2 Stealth
 + Level 9.0 Spellcasting
 + Level 11.3 Necromancy


You had 6 spell levels left.
You knew the following spells:

 Your Spells              Type           Power      Damage    Failure   Level
a - Necrotise             Necr           100%       1d9       1%          1
b - Vampiric Draining     Necr           53%        2d9       1%          3
c - Animate Dead          Necr           53%        N/A       1%          4
d - Curse of Agony        Necr           53%        N/A       3%          5
e - Dispel Undead         Necr           53%        3d19      1%          4
f - Borgnjor's Vile Clut  Necr/Erth      15%        N/A       30%         5

Your spell library contained the following spells:

 Spells                   Type           Power      Damage    Failure   Level
 Kiss of Death            Conj/Necr      100%       2d13      1%          1
 Fugue of the Fallen      Necr           53%        N/A       1%          3
 Cigotuvi's Dreadful Rot  Necr/Alch/Air  48%        N/A       3%          2
 Summon Small Mammal      Summ           36%        N/A       11%         1
 Martyr's Knell           Necr/Summ      31%        N/A       11%         4
 Blink                    Tloc           18%        N/A       17%         2
 Momentum Strike          Conj/Tloc      18%        3d8       17%         2
 Call Canine Familiar     Summ           9%         N/A       32%         3
 Gell's Gravitas          Tloc           9%         N/A       32%         3
 Inner Flame              Hex/Fire       9%         N/A       32%         3
 Teleport Other           Tloc           9%         N/A       32%         3
 Volatile Blastmotes      Fire/Tloc      18%        2d11      32%         3
 Summon Blazeheart Golem  Fire/Summ      9%         N/A       73%         4
 Dispersal                Tloc           4%         N/A       100%        6
 Disjunction              Tloc           4%         N/A       100%        8


Dungeon Overview and Level Annotations

Branches:
Dungeon (11/15)            Temple (0/1) D:4            Lair (1/5) D:11
    Orc (0/2) D:9           Sewer (visited)         Volcano (visited)

Altars:
Cheibriados
Dithmenos
Fedhas
Kikubaaqudgha
Makhleb
Nemelex Xobeh
Okawaru
Ru
Sif Muna
Trog
Uskayaw
Vehumet
Yredelemnul

Shops:
D:1 [   D:2 (   D:9 *   D:11 [

Portals:
Trove: D:10 (give 8 potions of haste)

Annotations:
D:3 3 runed translucent doors, PaiMei's ghost, amateur DsNe


Innate Abilities, Weirdness & Mutations

You have a pair of horns on your head.
You are surrounded by a mild repulsion field. (EV +2)
A demonic guardian rushes to your aid.
You are mostly covered in sharp spines.


Message History

You kill the hell rat!
Kikubaaqudgha accepts your kill. The hell rat bites you!
You hit the hell rat but do no damage.
The hell rat is poisoned.
The hell rat is struck by your spines. The hell rat bites you.
You hit the hell rat.
The hell rat looks as sick as possible!
You headbutt the hell rat.
The hell rat is severely wounded.
You kill the hell rat!
Kikubaaqudgha accepts your kill.
You hit the hell rat.
The hell rat is poisoned.
The hell rat is lightly wounded.
The hell rat barely misses you.
You closely miss the hell rat. Your headbutt misses the hell rat.
The hell rat is moderately wounded.
The hell rat is struck by your spines.
The hell rat bites you but does no damage.
The hell rat is struck by your spines.
You kill the hell rat!
Kikubaaqudgha accepts your kill.
You hit the hell rat but do no damage. Your headbutt misses the hell rat.
The hell rat bites you!
You closely miss the hell rat. The hell rat is struck by your spines.
The hell rat bites you.
You hit the hell rat.
The hell rat is poisoned.
Your headbutt misses the hell rat.
The hell rat is moderately wounded.
You block the hell rat's attack.
You hit the hell rat.
The hell rat is moderately wounded.
The hell rat bites you!
* * * LOW HITPOINT WARNING * * *
You feel drained.
You hit the hell rat but do no damage.
The hell rat looks as sick as possible!
The hell rat is heavily wounded.
The hell rat bites you!
* * * LOW HITPOINT WARNING * * *
A demonic guardian appears!
You feel drained.
You die...
Kikubaaqudgha rasps: "You have failed me!
Welcome... death!"

.......##..#.......(
.#.#...#####........
.......# ##........
.......# ##.........
.......###.#........
..............##.##.
....P####.#..## ##
.............######.##
...........Fr@....#
........##).###4..#
.####...##### ..#
#.... .# ...r... #
#........ #.........
..r.....#..
##.......#...


You could see a bullfrog, a hell rat (extremely poisoned, ally target) and a
friendly ice devil (summoned).

Vanquished Creatures
  2 two-headed ogres
  A manticore (D:11)
  A komodo dragon (D:11)
  A red devil (Volcano)
  4 trolls
  4 blink frogs (Lair:1)
  8 yaks
  Grum (D:11)
  3 wyverns
  A ynoxinul (D:9)
  A steam dragon (D:10)
  Eustachio (D:6)
  Duvessa (D:5)
  7 water moccasins
  Pargi (Sewer)
  2 ice beasts
  3 sky beasts
  3 orc warriors
  An ogre (D:6)
  9 wolves
  2 centaurs
  5 kobold brigands
  A brain worm (Sewer)
  2 gnoll sergeants
  9 bullfrogs
  5 scorpions
  3 wights (D:9)
  Dowan (D:5)
  5 howler monkeys
  2 jellies
  5 orc priests
  A bombardier beetle (D:4)
  A hound (D:4)
  2 gnoll boudas
  3 sleepcaps
  4 iguanas
  2 orc wizards
  4 hell rats (Lair:1)
  Natasha (D:2)
  A hound zombie (D:3)
  Robin (D:2)
  13 gnolls
  12 adders
  3 shadow imps
  2 white imps
  2 ufetubi (D:5)
  2 dart slugs
  20 orcs
  12 bats
  5 endoplasms
  2 giant cockroaches (D:1)
  14 goblins
  8 hobgoblins
  12 jackals
  33 kobolds
  7 ball pythons
  A ball python zombie (D:3)
  9 frilled lizards
  3 rats
275 creatures vanquished.

Vanquished Creatures (collateral kills)
  Pikel (D:6)
  A cyclops (D:11)
  A red devil (Volcano)
  A yak (Lair:1)
  A vampire (D:10)
  A wraith (D:11)
  An acid dragon (D:11)
  2 wights (D:9)
  An orc priest (D:6)
  Jessica (D:2)
  An orc wizard (D:6)
  3 gnolls
  2 ufetubi (D:6)
  2 orcs (D:6)
  An endoplasm (D:1)
  A goblin (D:1)
  2 bats (Sewer)
23 creatures vanquished.

Vanquished Creatures (others)
  A two-headed ogre zombie (D:9)
1 creature vanquished.

Grand Total: 299 creatures vanquished

Notes
Turn   | Place    | Note
-------+----------+-------------------------------------------
     0 | D:1      | PaiMei the Demonspawn Necromancer began the quest for the
                  | Orb.
     0 | D:1      | Reached XP level 1. HP: 13/13 MP: 3/3
   157 | D:1      | Gained mutation: A weak demonic guardian rushes to your
                  | aid. [demonic ancestry]
   157 | D:1      | Reached XP level 2. HP: 19/19 MP: 1/5
   551 | D:1      | Found Otu Affaorha's Armour Boutique.
   730 | D:1      | Gained mutation: You are partially covered in sharp spines.
                  | [demonic ancestry]
   730 | D:1      | Reached XP level 3. HP: 24/24 MP: 3/6
   734 | D:1      | Learned a level 3 spell: Vampiric Draining
  1262 | D:2      | Found Bepnut's Weapon Shoppe.
  1304 | D:2      | Noticed Robin
  1613 | D:2      | Killed Robin
  1854 | D:2      | Noticed Jessica
  1873 | D:2      | Gained mutation: A demonic guardian rushes to your aid.
                  | [demonic ancestry]
  1873 | D:2      | Reached XP level 4. HP: 22/30 MP: 3/7
  1878 | D:2      | Killed Jessica
  2035 | D:2      | Found an ancient bone altar of Kikubaaqudgha.
  2042 | D:2      | Became a worshipper of Kikubaaqudgha
  2363 | D:2      | Noticed Natasha
  2369 | D:2      | Killed Natasha
  2370 | D:2      | Reached skill level 5 in Necromancy
  2607 | D:3      | Gained mutation: You are mostly covered in sharp spines.
                  | [demonic ancestry]
  2607 | D:3      | Reached XP level 5. HP: 35/35 MP: 3/9
  2728 | D:3      | Found a runed translucent gate.
  2728 | D:3      | Found a runed translucent gate.
  2728 | D:3      | Found a runed translucent gate.
  2728 | D:3      | Noticed PaiMei's ghost (amateur DsNe)
  2730 | D:3      | Found a basalt altar of Yredelemnul.
  2745 | D:3      | Reached * piety under Kikubaaqudgha
  2745 | D:3      | Received a gift from Kikubaaqudgha
  2816 | D:3      | Found a glowing drain.
  2830 | Sewer    | Entered a sewer
  2987 | Sewer    | Noticed Pargi
  3001 | Sewer    | Killed Pargi
  3002 | Sewer    | Gained mutation: You have a pair of small horns on your
                  | head. [demonic ancestry]
  3002 | Sewer    | Reached XP level 6. HP: 41/41 MP: 0/11
  3097 | Sewer    | Got the Grimoire of the Meadowlark
  3700 | D:4      | Learned a level 4 spell: Animate Dead
  3979 | D:4      | Reached XP level 7. HP: 46/46 MP: 5/12
  4169 | D:4      | Reached skill level 6 in Necromancy
  4172 | D:4      | Reached ** piety under Kikubaaqudgha
  4214 | D:4      | Found a sacrificial altar of Ru.
  4301 | D:4      | Found a staircase to the Ecumenical Temple.
  4717 | D:5      | Entered Level 5 of the Dungeon
  5101 | D:5      | Noticed Duvessa
  5131 | D:5      | Killed Duvessa
  5132 | D:5      | Gained mutation: You are surrounded by a mild repulsion
                  | field. (EV +2) [demonic ancestry]
  5132 | D:5      | Reached XP level 8. HP: 42/52 MP: 3/14
  5163 | D:5      | Noticed Dowan
  5183 | D:5      | Killed Dowan
  5184 | D:5      | Reached skill level 5 in Stealth
  5291 | D:5      | Identified the +0 scale mail of Zoumej {*Corrode Regen+
                  | Int+2 Stlth+}
  5892 | D:6      | Noticed Eustachio
  5942 | D:6      | Killed Eustachio
  5943 | D:6      | Reached skill level 5 in Dodging
  5943 | D:6      | Reached skill level 5 in Spellcasting
  5943 | D:6      | Reached skill level 7 in Necromancy
  6285 | D:6      | Reached *** piety under Kikubaaqudgha
  6285 | D:6      | Received a gift from Kikubaaqudgha
  6393 | D:6      | Learned a level 4 spell: Dispel Undead
  6564 | D:6      | Noticed Pikel
  6574 | D:6      | Gained mutation: You have a pair of horns on your head.
                  | [demonic ancestry]
  6574 | D:6      | Reached XP level 9. HP: 50/57 MP: 7/17
  6584 | D:6      | Killed Pikel
  6585 | D:6      | Reached skill level 8 in Necromancy
  8648 | D:8      | Reached skill level 9 in Necromancy
  8737 | D:8      | Found a hide-covered altar of Uskayaw.
  8752 | D:8      | Reached **** piety under Kikubaaqudgha
  9019 | D:8      | Found an ancient bone altar of Kikubaaqudgha.
  9251 | D:9      | Reached XP level 10. HP: 59/63 MP: 11/20
  9516 | D:9      | Found Ea-nāṣir's Fine Metal Goods.
  9587 | D:9      | Found a blossoming altar of Fedhas.
  9591 | D:9      | Noticed a two-headed ogre
  9957 | D:9      | Killed a two-headed ogre
 10476 | D:9      | Found an iron altar of Okawaru.
 10618 | D:9      | Found a bloodstained altar of Trog.
 10659 | D:9      | Found a shimmering blue altar of Sif Muna.
 10663 | D:9      | Got Sif Muna's Secrets of the Lethal Summer
 10741 | D:9      | Found a burning altar of Makhleb.
 10835 | D:9      | You fall into a shaft and drop 1 floor!
 10835 | D:10     | Entered Level 10 of the Dungeon
 11124 | D:9      | Found a staircase to the Orcish Mines.
 11141 | D:9      | Found a snail-covered altar of Cheibriados.
 11146 | D:9      | Found a sparkling altar of Nemelex Xobeh.
 11407 | D:9      | Learned a level 5 spell: Curse of Agony
 11413 | D:9      | Learned a level 5 spell: Borgnjor's Vile Clutch
 11525 | D:10     | Found a shadowy altar of Dithmenos.
 11533 | D:10     | Reached skill level 10 in Necromancy
 11876 | D:10     | Noticed a two-headed ogre
 11901 | D:10     | Killed a two-headed ogre
 12105 | D:10     | Found a radiant altar of Vehumet.
 12121 | D:10     | Found a portal to a secret trove of treasure.
 12441 | D:11     | Noticed a manticore
 12448 | D:11     | Killed a manticore
 12449 | D:11     | Reached XP level 11. HP: 67/68 MP: 17/23
 12581 | D:11     | Found Gylet's Antique Armour Emporium.
 12588 | D:11     | Noticed Grum
 12637 | D:11     | Killed Grum
 12764 | D:11     | Bought a scorched scale mail for 207 gold pieces
 12764 | D:11     | Identified the +0 scale mail of the Bagpipe {Rampage Int+4
                  | Dex-4} (You bought it in a shop on level 11 of the Dungeon)
 13068 | D:11     | Found a staircase to the Lair.
 13675 | Lair:1   | Entered Level 1 of the Lair of Beasts
 13948 | Lair:1   | Found a dark tunnel.
 13956 | Volcano  | Entered a volcano
 13985 | Volcano  | Reached skill level 1 in Fighting
 14056 | Volcano  | Noticed a hell knight
 14288 | Lair:1   | Reached skill level 11 in Necromancy
 14314 | Lair:1   | Reached ***** piety under Kikubaaqudgha
 14791 | Lair:1   | Slain by a hell rat

Illustrated notes

Levels and vault maps discovered:
D:1:      evilmike_arrival_grusome_pit, layout_basic, serial_shops, shop,
          minmay_pentomino_u4
D:2:      layout_basic, basic_altar, serial_shops, shop, kennysheep_boxes,
          uniq_natasha, uniq_jessica, uniq_robin
D:3:      layout_basic, nicolae_yredelemnul_ghost_church, elyvilon_altar_3,
          portal_sewer_entry_d, dreamdust_princess_bridge
D:4:      layout_loops_ring, nicolae_ru_great_annihilating_truth,
          minmay_temple_entry_hall, minmay_lizard_king
D:5:      layout_basic, uniq_duvessa
D:6:      layout_basic, uniq_pikel, uniq_eustachio
D:7:      layout_loops_ring
D:8:      layout_basic, mainiacjoe_overflow_concentric_impassable,
          nicolae_uskayaw_suspiria, kennysheep_little_box,
          kennysheep_generic_room_2
D:9:      layout_stronghold, nzn_overflow_gifts_of_might_and_magic,
          bloody_makhleb, fedhas_altar_2, mainiacjoe_overflow_chevrons,
          mainiacjoe_overflow_big_doors, mainiacjoe_overflow_six_doors_small,
          orc_0_dummy, grunt_decor_cap, nicolae_ea-nasir_strikes_again
D:10:     layout_small_grid, nicolae_dithmenos_the_darkroom,
          general_overflow_altar, nicolae_trove_entry_crossroad
D:11:     layout_loops_ring, david_lair_shrubbed, serial_shops, shop,
          nicolae_concentric_dashed_squares_mild, minmay_tree_intersection,
          uniq_grum
Lair:1:   layout_gridlike, enter_volcano_2, minivault_19, st_stairs_8,
          cheibrodos_lair_reptile_den

Skill      XL: |  1  2  3  4  5  6  7  8  9 10 11 |
---------------+----------------------------------+-----
Stealth        | 2 3 4 6 7 8 9 |  9.2
Dodging        | 2 3 4 5 6 8 9 |  9.0
Necromancy     | 5 6 7 9 10 11 | 11.3
Spellcasting   | 3 4 5 6 8 9 |  9.0
Fighting       | 3 |  3.1

Action                     |  1- 3 |  4- 6 |  7- 9 | 10-12 || total
---------------------------+-------+-------+-------+-------++-------
  Melee: Dagger            |     7 |    28 |   123 |   162 ||   320
         Unarmed           |     1 |       |       |       ||     1
         Headbutt          |       |     4 |    24 |    34 ||    62
         Punch             |       |       |       |     1 ||     1
   Cast: Necrotise         |    64 |    72 |   134 |    71 ||   341
         Vampiric Draining |       |     3 |    48 |    66 ||   117
         Dispel Undead     |       |       |       |     3 ||     3
         Curse of Agony    |       |       |       |     4 ||     4
         Animate Dead      |       |       |       |     3 ||     3
   Stab: Paralysed         |       |       |     1 |       ||     1
         Distracted        |       |       |     1 |       ||     1
         Sleeping          |       |       |     1 |     5 ||     6
 Armour: Robe              |     5 |       |       |       ||     5
         Leather armour    |    12 |    22 |    73 |   120 ||   227
  Dodge: Dodged            |    18 |    22 |    77 |   201 ||   318
  Block: Other             |       |     6 |    34 |    49 ||    89
         Reflection        |       |       |     5 |       ||     5
